 Dungeon Crawl Stone Soup version 0.27.0-1-g7a089689b8 (webtiles) character file.

Game seed: 14896010653926920195

46 freelancePsychic the Unweaver (level 3, 0/45 HPs)
             Began as a Demonspawn Abyssal Knight on Aug 7, 2021.
             Was a Follower of Lugonu.
             Succumbed to an adder's poison
             ... on level 3 of the Dungeon.
             The game lasted 00:02:11 (2249 turns).

freelancePsychic the Unweaver (DsAK)                Turns: 2249, Time: 00:02:11

Health: 0/45       AC: 21    Str: 13    XL:     3   Next: 46%
Magic:  5/5        EV:  2    Int: 13    God:    Lugonu [*.....]
Gold:   117        SH:  0    Dex: 12    Spells: 2/2 levels left

rFire    . . .     SeeInvis .   a - +1 mace
rCold    . . .     Faith    .   (no shield)
rNeg     + + +     Spirit   .   (armour currently unavailable)
rPois    +         Reflect  .   (helmet currently unavailable)
rElec    .         Harm     .   (cloak currently unavailable)
rCorr    .         Rampage  .   (gloves currently unavailable)
Will     .....     NoTele   +   (boots currently unavailable)
Stlth    +.........             (no amulet)
HPRegen  0.15/turn              (no ring)
MPRegen  0.09/turn              (no ring)

@: lethally poisoned (0 -> -3), tree-form
A: stationary, stasis, torment immunity, boosted hp, (large bone plates 1)
a: Renounce Religion, Depart the Abyss


You were on level 3 of the Dungeon.
You worshipped Lugonu.
Lugonu was aware of your devotion.
You were a tree.
You visited 1 branch of the dungeon, and saw 3 of its levels.
You visited the Abyss 1 time.

You collected 117 gold pieces.

Inventory:

Hand Weapons
 a - a +1 mace (weapon)
Missiles
 d - 32 poisoned darts
Armour
 b - a +0 leather armour (melded)
 e - a scarf of resistance (melded)
Wands
 k - a wand of charming (6)
Scrolls
 c - 3 scrolls of identify {unknown}
 j - a scroll of fear {unknown}
 l - a scroll of holy word {unknown}
Potions
 f - a potion of flight {unknown}
 g - a potion of haste {unknown}
 h - a potion of lignification
 i - a potion of magic {unknown}


   Skills:
 + Level 3.6 Fighting
 * Level 2.3 Maces & Flails
 - Level 1.7 Armour
 - Level 0.8 Dodging
 + Level 3.6 Invocations


You had 2 spell levels left.
You didn't know any spells.
Your spell library contained the following spells:

 Spells                   Type           Power      Damage    Failure   Level
 Ozocubu's Armour         Ice            0%         N/A       67%         3
 Metabolic Englaciation   Hex/Ice        0%         N/A       100%        5
 Simulacrum               Ice/Necr       0%         N/A       100%        6
 Ozocubu's Refrigeration  Ice            0%         4d5       100%        7


Dungeon Overview and Level Annotations

Branches:
Dungeon (3/15)

Altars:
Uskayaw


Innate Abilities, Weirdness & Mutations

You are a tree.
Your roots penetrate the ground, keeping you stationary.
You cannot be teleported.
You are immune to unholy pain and torment.
Your maximum health is greatly increased.
Your equipment is partially melded.
((You are partially covered in large bone plates. (SH +4)))


Message History

The adder bites you.
You are poisoned.
The adder poisons you! The orc closely misses you. The adder bites you.
The orc hits you with a +0 hand axe.
You are too injured to fight recklessly!
You are too injured to fight recklessly!
You are too injured to fight recklessly!
You are too injured to fight recklessly!
You are too injured to fight recklessly!
You are too injured to fight recklessly!
You are too injured to fight recklessly!
You are too injured to fight recklessly!
You are too injured to fight recklessly!
You are too injured to fight recklessly!
You are too injured to fight recklessly!
You are too injured to fight recklessly!
You are too injured to fight recklessly!
You are too injured to fight recklessly!
You are too injured to fight recklessly!
You are too injured to fight recklessly!
You are too injured to fight recklessly!
You are too injured to fight recklessly!
You feel sick.
You closely miss the adder.
You feel sick. You block the adder's attack. The adder barely misses you.
You hit the adder but do no damage.
You feel sick. The adder bites you.
You are more poisoned.
The adder poisons you! You block the adder's attack.
You closely miss the adder.
You feel sick. The adder bites you.
* * * LOW HITPOINT WARNING * * *
You hit the adder but do no damage.
* * * LOW HITPOINT WARNING * * *
You feel sick. The adder bites you.
* * * LOW HITPOINT WARNING * * *
The adder bites you but does no damage.
It was a potion of lignification.
You turn into a tree.
Your scarf of resistance melds into your body.
Your +0 leather armour melds into your body.
You feel hot and cold all over.
Your roots penetrate the ground.
You die...

._$.#.# #. ....#..## #.
....#...## #.
#+###....## #.
.......... #. .......
#.######. #.[.#
#........ #.oS######
######.. #....###♣....#
#... ##. #.####.# ##...
#.# #.########....
...#####..........#..
............######...#
##########...........##
#...######### #####


You could see an adder and an orc.

Vanquished Creatures
  A dart slug (D:1)
  2 bats (D:1)
  3 endoplasms
  A giant cockroach (D:1)
  6 goblins (D:1)
  2 hobgoblins (D:1)
  4 jackals (D:1)
  3 quokkas
  6 ball pythons
  3 frilled lizards
  3 kobolds
  7 rats
41 creatures vanquished.

Notes
Turn   | Place    | Note
-------+----------+-------------------------------------------
     0 | Abyss:1  | freelancePsychic the Demonspawn Abyssal Knight began the
                  | quest for the Orb.
     0 | Abyss:1  | Reached XP level 1. HP: 18/18 MP: 2/2
   103 | Abyss:1  | Noticed a starcursed mass
   104 | D:1      | Escaped the Abyss
   243 | D:1      | Reached * piety under Lugonu
   321 | D:1      | Gained mutation: You are partially covered in large bone
                  | plates. (SH +4) [demonic ancestry]
   321 | D:1      | Reached XP level 2. HP: 24/24 MP: 4/4
  1065 | D:1      | Reached XP level 3. HP: 28/29 MP: 5/5
  1420 | D:2      | Found a faded altar of an unknown god.
  2240 | D:3      | Found a hide-covered altar of Uskayaw.
  2248 | D:3      | HP: 1/30 [adder (4)]
  2249 | D:3      | Succumbed to an adder's poison

Illustrated notes

Levels and vault maps discovered:
D:1:      minmay_arrival_shattered_statue, layout_basic,
          minmay_shallow_snake_nest
D:2:      layout_rooms, shapermc_ecumenical_altar_pompeii
D:3:      layout_loops_ring, amcnicky_altar_gilded

Skill      XL: |  1  2 |
---------------+-------+-----
Invocations    | 3 |  3.6
Maces & Flails | 2 |  2.3
Fighting       | |  3.6
Armour         | |  1.7
Dodging        | |  0.8

Action                   || total
-------------------------++-------
Melee: Mace              ||   141
Invok: Depart the Abyss  ||     1
  Use: Potion            ||     1
Armor: Leather armour    ||    32
Dodge: Dodged            ||    74
Block: Other             ||    23
